 Dungeon Crawl Stone Soup version 0.18.1-6-gd335043 (webtiles) character file.

578 Northaan the Digger (level 7, -1/36 HPs)
             Began as a Gargoyle Earth Elementalist on May 16, 2016.
             Slain by a wraith (7 damage)
             ... in an ossuary.
             The game lasted 00:11:39 (4698 turns).

Northaan the Digger (Gargoyle Earth Elementalist)   Turns: 4698, Time: 00:11:39

Health: -1/36      AC: 10    Str: 11    XL:     7   Next: 36%
Magic:  0/14       EV: 12    Int: 18    God:
Gold:   265        SH:  0    Dex: 10    Spells: 2 memorised, 12 levels left

rFire  . . .     SeeInvis +     b - 145 stones
rCold  . . .     Gourm    .     h - +0 robe
rNeg   + . .     Faith    .     (no shield)
rPois  ∞         Spirit   .     (no helmet)
rElec  +         Dismiss  .     C - +2 cloak
rCorr  .         Reflect  .     r - +0 pair of gloves
SustAt .         Harm     .     (no boots)
MR     +....                    (no amulet)
Stlth  ++........               E - ring of see invisible
                                g - ring of protection from magic

@: slowed, very slow, somewhat resistant to hostile enchantments, unstealthy
A: negative energy resistance 1, electricity resistance, unbreathing,
petrification resistance, rot immunity, AC +4
a: no special abilities


You were in an ossuary.
You were very hungry.

You visited 1 branch of the dungeon, and saw 5 of its levels.
You also visited: Ossuary.

You collected 265 gold pieces.

Inventory:

Hand Weapons
 q - a +0 club
 u - a +2 whip of electrocution
Missiles
 b - 145 stones (in hand)
Armour
 a - a +0 robe
 h - a +0 robe (worn)
 p - a +0 cloak
 r - a +0 pair of gloves (worn)
 C - a +2 cloak (worn)
Jewellery
 g - a ring of protection from magic (left hand)
 E - a ring of see invisible (right hand)
Wands
 y - a wand of polymorph (24/24)
 F - a wand of random effects (27/48)
Scrolls
 e - 4 scrolls of identify
 k - a scroll of enchant armour
 l - 3 scrolls of magic mapping {unknown}
 m - a scroll of immolation {unknown}
 t - a scroll of recharging
 w - a scroll of noise {unknown}
 x - a scroll of enchant weapon
 D - 2 scrolls of fear {unknown}
 H - 2 scrolls of blinking {unknown}
 I - a scroll of remove curse
 J - a scroll of fog {unknown}
Potions
 f - a potion of magic {unknown}
 i - a potion of resistance {unknown}
 j - a potion of mutation {unknown}
 n - 2 potions of curing
 o - a potion of ambrosia
 s - 2 potions of agility {unknown}
 v - a potion of might {unknown}
 z - a potion of heal wounds
 K - a potion of degeneration {unknown}
Books
 c - a book of Geomancy

   Spells                             Type                      Level
   a - Sandblast                      Earth                        1
   b - Passwall                       Transmutation/Earth          2
   c - Stone Arrow                    Conjuration/Earth            3
   d - Petrify                        Transmutation/Earth          4
   e - Lee's Rapid Deconstruction     Earth                        5
Comestibles
 d - 4 bread rations
 A - 4 fruits
 B - a meat ration
 G - a beef jerky


   Skills:
 + Level 0.2 Fighting
 + Level 0.2 Maces & Flails
 + Level 0.0 Armour
 + Level 1.5 Dodging
 - Level 2.1 Stealth
 * Level 5.3 Spellcasting
 * Level 3.3 Conjurations
   Level 0.7 Transmutations
 * Level 6.1 Earth Magic


You had 12 spell levels left.
You knew the following spells:

 Your Spells              Type           Power        Failure   Level  Hunger
a - Sandblast             Erth           ####..       1%          1    None
b - Stone Arrow           Conj/Erth      ###...       6%          3    ##.....


Dungeon Overview and Level Annotations

Branches:
Dungeon (5/15)
 Temple: D:4-7

Altars:
Dithmenos
Qazlal
Sif Muna
The Shining One


Innate Abilities, Weirdness & Mutations

You are resistant to torment.
Your stone body is resilient (AC +4).
You are immune to poison.
You resist negative energy.
You are resistant to electric shocks.
You can survive without breathing.
You are immune to petrification.
You are immune to rotting.


Message History

Confirm with . or Enter, or press ? or * to list all spells.
Aiming: Sandblast
Press: ? - help, Shift-Dir - straight line, f/p - wraith
Aim: a wraith (severely damaged)
The rocky blast hits the wraith.
The wraith is severely damaged.
The wraith hits you but does no damage. The wraith hits you!
* * * LOW HITPOINT WARNING * * *
The wraith drains your vigour!
You feel as though you will be slow longer.
The wraith hits you but does no damage.
Casting: Sandblast
Confirm with . or Enter, or press ? or * to list all spells.
Aiming: Sandblast
Press: ? - help, Shift-Dir - straight line, f/p - wraith
Aim: a wraith (severely damaged)
The rocky blast hits the wraith.
The wraith is severely damaged.
The wraith hits you!
You die...

#. #.'..#.'...8...'.#
#..####^####.....####.
#.....................
#............#.#......
#..####......#'#......
#..#.'...8...#.#...8..
#..####......###......
#.....................
#....@................
#..#W#..#.#..#.#..#.#.
#. #'#..#'#..#
#!#..#.# .# ###..###
.... ...... ######


You could see a wraith.

Vanquished Creatures
  2 phantoms (D:4)
  An ogre (D:4)
  Crazy Yiuf (D:4)
  A human zombie (Ossuary)
  An orc priest (D:3)
  A hound (D:4)
  An iguana (D:4)
  An orc wizard (D:5)
  A gnoll (D:1)
  4 adders
  An ooze (D:1)
  A dart slug (D:4)
  3 giant geckos
  17 orcs
  2 ball pythons
  2 giant cockroaches
  5 goblins
  3 hobgoblins
  13 jackals
  5 kobolds
  3 quokkas
  6 bats
  A giant gecko skeleton (D:5)
  4 giant newts
  4 goblin zombies (Ossuary)
  4 hobgoblin zombies (Ossuary)
  4 kobold zombies (Ossuary)
  2 rats
94 creatures vanquished.

Vanquished Creatures (others)
  A goblin zombie (Ossuary)
1 creature vanquished.

Grand Total: 95 creatures vanquished

Notes
Turn   | Place    | Note
--------------------------------------------------------------
     0 | D:1      | Northaan the Gargoyle Earth Elementalist began the quest for the Orb.
     0 | D:1      | Reached XP level 1. HP: 10/10 MP: 3/3
   546 | D:1      | Reached XP level 2. HP: 15/15 MP: 1/5
   750 | D:1      | Reached skill level 4 in Earth Magic
   805 | D:1      | Reached XP level 3. HP: 19/19 MP: 1/7
   850 | D:1      | Learned a level 3 spell: Stone Arrow
  1192 | D:2      | Found a shadowy altar of Dithmenos.
  1277 | D:2      | Found a deep blue altar of Sif Muna.
  1455 | D:2      | Reached XP level 4. HP: 24/24 MP: 8/8
  1526 | D:2      | Reached skill level 1 in Conjurations
  2791 | D:3      | Reached XP level 5. HP: 28/28 MP: 3/10
  3022 | D:3      | Reached skill level 5 in Earth Magic
  3107 | D:4      | Noticed a phantom
  3174 | D:4      | Noticed an ogre
  3179 | D:4      | Killed an ogre
  3179 | D:4      | Reached XP level 6. HP: 32/32 MP: 0/12
  3367 | D:4      | Noticed a phantom
  3386 | D:4      | Killed a phantom
  3618 | D:4      | Found a stormy altar of Qazlal.
  3629 | D:4      | Killed a phantom
  3629 | D:4      | Reached XP level 7. HP: 36/36 MP: 4/14
  3816 | D:4      | Reached skill level 5 in Spellcasting
  4022 | D:4      | Found a glowing golden altar of the Shining One.
  4082 | D:4      | Noticed Crazy Yiuf
  4107 | D:4      | Killed Crazy Yiuf
  4107 | D:4      | Reached skill level 6 in Earth Magic
  4229 | D:5      | Entered Level 5 of the Dungeon
  4405 | D:5      | Found a sand-covered staircase.
  4429 | Ossuary  | Entered an ossuary
  4429 | Ossuary  | Noticed a wraith
  4429 | Ossuary  | Noticed a wraith
  4429 | Ossuary  | Noticed a wraith
  4689 | Ossuary  | Noticed a wraith
  4698 | Ossuary  | Slain by a wraith

Skill      XL: |  1  2  3  4  5  6  7 |
---------------+----------------------+-----
Earth Magic    | 4 5 6 |  6.1
Spellcasting   | 3 4 5 |  5.3
Conjurations   | 1 2 3 |  3.3
Fighting       | |  0.2
Maces & Flails | |  0.2
Dodging        | |  1.5
Stealth        | |  2.1
Transmutations | |  0.7

Action                   |  1- 3 |  4- 6 |  7- 9 || total
-------------------------+-------+-------+-------++-------
Melee: Club              |    23 |    53 |       ||    76
       Whip              |       |    93 |    51 ||   144
 Cast: Sandblast         |    38 |    21 |    17 ||    76
       Stone Arrow       |       |    24 |    14 ||    38
  Use: Potion            |     2 |       |       ||     2
       Scroll            |       |       |     5 ||     5
 Stab: Distracted        |       |     1 |       ||     1
  Eat: Chunk             |     2 |     9 |     3 ||    14
Armor: Robe              |    28 |    81 |    25 ||   134
Dodge: Dodged            |    48 |   162 |    30 ||   240
